 Dungeon Crawl Stone Soup version 0.18.1-8-gdd0e5ea (webtiles) character file.

116 mindo the Magician (level 4, -3/24 HPs)
             Began as a Deep Elf Earth Elementalist on June 9, 2016.
             Was a Follower of Elyvilon.
             Killed from afar by an orc wizard (9 damage)
             ... with a puff of frost
             ... on level 3 of the Dungeon.
             The game lasted 00:25:13 (3034 turns).

mindo the Magician (Deep Elf Earth Elementalist)    Turns: 3034, Time: 00:25:14

Health: -3/24      AC:  5    Str:  5    XL:     4   Next: 69%
Magic:  12/12      EV: 12    Int: 21    God:    Elyvilon [*.....]
Gold:   84         SH:  0    Dex: 15    Spells: 3 memorised, 6 levels left

rFire  . . .     SeeInvis +     g - -1 long sword
rCold  . . .     Gourm    .     a - +0 robe
rNeg   . . .     Faith    .     (no shield)
rPois  +         Spirit   .     k - +2 helmet
rElec  .         Dismiss  .     (no cloak)
rCorr  .         Reflect  .     (no gloves)
SustAt .         Harm     .     (no boots)
MR     .....                    (no amulet)
Stlth  ++........               d - ring of poison resistance
                                j - ring of see invisible

@: starving, drained, not resistant to hostile enchantments, unstealthy
A: no striking features
a: Lesser Healing, Divine Protection, Renounce Religion


You were on level 3 of the Dungeon.
You worshipped Elyvilon.
Elyvilon was aware of your devotion.
You were starving.

You visited 1 branch of the dungeon, and saw 4 of its levels.

You collected 84 gold pieces.

Inventory:

Hand Weapons
 f - a +2 short sword of speed
 g - a -1 long sword (weapon)
Missiles
 b - 46 stones (quivered)
Armour
 a - a +0 robe (worn)
 k - a +2 helmet (worn)
Jewellery
 d - a ring of poison resistance (right hand)
 h - an uncursed amulet of harm
 j - a ring of see invisible (left hand)
Scrolls
 l - a scroll of remove curse
Potions
 e - a potion of agility
Books
 c - a book of Geomancy

   Spells                             Type                      Level
   a - Sandblast                      Earth                        1
   b - Passwall                       Transmutation/Earth          2
   c - Stone Arrow                    Conjuration/Earth            3
   d - Petrify                        Transmutation/Earth          4
   e - Lee's Rapid Deconstruction     Earth                        5


   Skills:
 + Level 0.8(0.0) Fighting
 + Level 0.2(0.0) Short Blades
 + Level 3.1(2.1) Dodging
 + Level 2.8(1.9) Stealth
 + Level 4.7(3.7) Spellcasting
 + Level 1.3(0.4) Transmutations
 + Level 4.1(3.2) Earth Magic


You had 6 spell levels left.
You knew the following spells:

 Your Spells              Type           Power        Failure   Level  Hunger
a - Sandblast             Erth           ###...       3%          1    None
b - Passwall              Trmt/Erth      ##........   12%         2    ##.....
c - Stone Arrow           Conj/Erth      ##....       21%         3    ###....


Dungeon Overview and Level Annotations

Branches:
Dungeon (4/15)
 Temple: D:4-7

Altars:
Dithmenos
Elyvilon
Okawaru
Pakellas

Annotations:
D:2 Ijyb


Message History

The orc wizard flickers and vanishes for a moment.
You slash the giant newt!
You kill the giant newt!
The giant gecko bites you. The orc misses you.
The giant gecko barely misses you. The orc closely misses you.
You see here a giant newt corpse.
The giant gecko bites you.
The orc wizard gestures at you while chanting.
The puff of frost hits you!
* * * LOW HITPOINT WARNING * * *
The giant gecko bites you but does no damage.
The orc throws a stone.
The stone barely misses you.
You see here a stone.
Found a stone staircase leading down.
You don't have the energy to cast that spell.
You don't have the energy to cast that spell.
You don't have the energy to cast that spell.
The orc wizard points at you and mumbles some strange words.
The puff of frost hits you!
You die...

.o.......#.## #.#..#.#
### #.......... #.#
#..<.....g# #.#
#.####....# #.# # #.#
..# ..####### ##........
# ........#
#########.... ........#
#....@.......
........####..lo.....>..
........o..'.o..........
........####............
....†......o............
........................
.................###...#
.................# ..##
###########........


You could see an orc wizard (invisible), 2 orcs and a giant gecko.

Vanquished Creatures
  A gnoll (D:3)
  2 adders (D:2)
  An ooze (D:2)
  2 worms (D:2)
  3 dart slugs
  2 giant geckos
  An orc (D:3)
  5 bats
  3 giant cockroaches (D:2)
  11 goblins
  4 hobgoblins
  10 jackals
  2 quokkas
  2 giant newts
  6 kobolds
  7 rats
62 creatures vanquished.

Notes
Turn   | Place    | Note
--------------------------------------------------------------
     0 | D:1      | mindo the Deep Elf Earth Elementalist began the quest for the Orb.
     0 | D:1      | Reached XP level 1. HP: 10/10 MP: 6/6
   245 | D:1      | Reached XP level 2. HP: 15/15 MP: 5/8
   707 | D:1      | Reached XP level 3. HP: 9/19 MP: 10/10
  1041 | D:2      | Found a white marble altar of Elyvilon.
  1054 | D:2      | Became a worshipper of Elyvilon the Healer
  1100 | D:2      | Found an iron altar of Okawaru.
  1596 | D:2      | Learned a level 2 spell: Passwall
  1653 | D:2      | Reached XP level 4. HP: 22/24 MP: 9/12
  1889 | D:2      | Noticed Ijyb
  2389 | D:3      | Found a shadowy altar of Dithmenos.
  2392 | D:3      | Found an oddly glowing altar of Pakellas.
  2546 | D:4      | Learned a level 3 spell: Stone Arrow
  2645 | D:3      | Elyvilon protects you from harm!
  3002 | D:4      | Reached * piety under Elyvilon
  3034 | D:3      | Killed from afar by an orc wizard

Skill      XL: |  1  2  3  4 |
---------------+-------------+-----
Spellcasting   | 4 |  4.7
Earth Magic    | 4 |  4.1
Dodging        | 3 |  3.1
Fighting       | |  0.8
Short Blades   | |  0.2
Stealth        | |  2.8
Transmutations | |  1.3

Action                   |  1- 3 |  4- 6 || total
-------------------------+-------+-------++-------
Melee: Short sword       |    36 |       ||    36
       Long sword        |       |    33 ||    33
 Cast: Sandblast         |    57 |    50 ||   107
       Passwall          |     1 |     8 ||     9
  Use: Scroll            |     1 |     3 ||     4
       Potion            |       |     2 ||     2
 Stab: Sleeping          |     2 |     2 ||     4
  Eat: Bread ration      |     1 |       ||     1
Armor: Robe              |    11 |    27 ||    38
Dodge: Dodged            |    42 |   100 ||   142
